 Dungeon Crawl Stone Soup version 0.31-a0-986-g5e6e4ef867 (webtiles) character file.

Game seed: 14158417174022205238

62 Zonian the Conjurer (level 3, -1/19 HPs)
             Began as a Deep Elf Conjurer on Nov 13, 2023.
             Slain by a gnoll
             ... wielding a +0 spear
              (3 damage)
             ... on level 2 of the Dungeon.
             The game lasted 00:02:44 (1463 turns).

Zonian the Conjurer (Deep Elf Conjurer)             Turns: 1463, Time: 00:02:45

Health: -1/19      AC:  2    Str:  2 (4)  XL:     3   Next: 85%
Magic:  9/10       EV: 12    Int: 23 (24) God:
Gold:   46         SH:  0    Dex: 10 (13) Spells: 8/9 levels left

rFire   . . .        i - +0 short sword {short}
rCold   . . .        (no shield)
rNeg    . . .        a - +0 robe
rPois   .            (no helmet)
rElec   .            (no cloak)
rCorr   .            (no gloves)
SInv    .            (no boots)
Will    .....        (no amulet)
Stlth   ++           (no ring)
HPRegen 0.23/turn    (no ring)
MPRegen 0.12/turn

%: no passive effects
@: no status effects
A: no striking features
a: no special abilities


You were on level 2 of the Dungeon.
You visited 1 branch of the dungeon, and saw 2 of its levels.

You collected 106 gold pieces.
You spent 60 gold pieces at shops.


   Skills:
 + Level 3.2 Dodging
 + Level 3.5 Stealth
 + Level 3.8 Spellcasting
 + Level 4.8 Conjurations


You had 8 spell levels left.
You knew the following spells:

 Your Spells              Type           Power      Damage    Failure   Level
a - Magic Dart            Conj           100%       1d8       1%          1

Your spell library contained the following spells:

 Spells                   Type           Power      Damage    Failure   Level
 Searing Ray              Conj           52%        2d6       2%          2
 Dazzling Flash           Conj/Hex       30%        N/A       12%         3
 Fulminant Prism          Conj/Hex       7%         3d7       36%         4
 Iskenderun's Mystic Bla  Conj/Tloc      15%        2d5       36%         4

Inventory:

Hand Weapons
 f - a +0 war axe {axe}
   (You found it on level 1 of the Dungeon)
 h - a +0 club {mace}
   (You took it off a goblin on level 1 of the Dungeon)
 i - a +0 short sword (weapon) {short}
   (You found it on level 1 of the Dungeon)
Missiles
 g - 3 poisoned darts {throwing}
Armour
 a - a +0 robe (worn)
Scrolls
 c - 2 scrolls of noise {unknown}
 e - a scroll of fear {unknown}
 k - a scroll of enchant armour {unknown}
 l - a scroll of identify {unknown}
 m - a scroll of amnesia {unknown}
Potions
 d - 2 potions of degeneration {!q@e2}
 n - a potion of haste {unknown}

Dungeon Overview and Level Annotations

Branches:
Dungeon (2/15) Zot: 10536

Altars:

Shops:
D:1

! ###########
#.........#
#.#.......# .
#.#≈.....≈# ..
#.#≈≈...≈≈# ...
#.##≈≈≈≈≈## .?..
#..##~~~### .....
##..#####.######g.....
#...>........@)......
#.....)..######......
#...)....# .?...
####'##### ....
#.########### ###
#.##........#
#.##........#
#######.##........#
#.................#


You could see a gnoll.


Message History

You lost 1 mp, and now have 9/10 mp.
The magic dart hits the gnoll. 😎 MP[-1]
You lost 1 mp, and now have 8/10 mp.
The magic dart hits the gnoll. 😎 MP[-1]
You lost 1 mp, and now have 7/10 mp.
The magic dart hits the gnoll. 😎 MP[-1]
You lost 1 mp, and now have 6/10 mp.
Unknown command.
The magic dart hits the gnoll.
The gnoll hits you with a +0 flail. 😕 HP[-2] MP[-1]
You take 2 damage, and now have 17/19 hp.
You lost 1 mp, and now have 5/10 mp.
The magic dart hits the gnoll but does no damage.
The gnoll hits you with a +0 flail! 😮 HP[-7] MP[-1]
You take 7 damage, and now have 10/19 hp.
MASSIVE DAMAGE!! (PAUSE)
You lost 1 mp, and now have 4/10 mp.
Casting: Magic Dart (safe; 1% risk of failure)
Confirm with . or Enter, or press ? or * to list all spells.
Aiming: Magic Dart (safe; 1% risk of failure)
Press: ? - help, Shift-Dir - straight line, f/p - gnoll
Aim: a gnoll, wielding a +0 flail (severely wounded, 100% to hit)
Okay, then.
You feel much better.
The gnoll hits you from afar with a +0 spear.
The gnoll closely misses you. 😮 HP[+4]
You regained 4 hp, and now have 14/19 hp.
Casting: Magic Dart (safe; 1% risk of failure)
Confirm with . or Enter, or press ? or * to list all spells.
You don't know that spell.
Casting: Magic Dart (safe; 1% risk of failure)
Confirm with . or Enter, or press ? or * to list all spells.
Aiming: Magic Dart (safe; 1% risk of failure)
Press: ? - help, Shift-Dir - straight line, f/p - gnoll
Aim: a gnoll, wielding a +0 flail (severely wounded, 100% to hit)
The magic dart hits the gnoll.
You kill the gnoll!
The gnoll hits you but does no damage. 😕 HP[+1] Unknown command.
Casting: Magic Dart (safe; 1% risk of failure)
Confirm with . or Enter, or press ? or * to list all spells.
Aiming: Magic Dart (safe; 1% risk of failure)
Press: ? - help, Shift-Dir - straight line, f - endoplasm
Aim: an endoplasm (heavily wounded, 100% to hit)
The magic dart hits the endoplasm.
You kill the endoplasm!
The gnoll hits you from afar with a +0 spear.
* * * LOW HITPOINT WARNING * * *
😨 HP[-6] MP[-1]
You take 6 damage, and now have 9/19 hp.
MASSIVE DAMAGE!! (PAUSE)
You lost 1 mp, and now have 3/10 mp.
Casting: Magic Dart (safe; 1% risk of failure)
Confirm with . or Enter, or press ? or * to list all spells.
Aiming: Magic Dart (safe; 1% risk of failure)
Press: ? - help, Shift-Dir - straight line, f - gnoll
Aim: a gnoll, wielding a +0 spear (100% to hit)
The magic dart hits the gnoll.
The gnoll barely misses you. 😨 MP[-1]
You lost 1 mp, and now have 2/10 mp.
Casting: Magic Dart (safe; 1% risk of failure)
Confirm with . or Enter, or press ? or * to list all spells.
Aiming: Magic Dart (safe; 1% risk of failure)
Press: ? - help, Shift-Dir - straight line, f/p - gnoll
Aim: a gnoll, wielding a +0 spear (moderately wounded, 100% to hit)
The magic dart hits the gnoll but does no damage.
The gnoll hits you from afar with a +0 spear!
* * * LOW HITPOINT WARNING * * *
😱 HP[-8] MP[-1]
You take 8 damage, and now have 1/19 hp.
MASSIVE DAMAGE!! (PAUSE)
You lost 1 mp, and now have 1/10 mp.
It was a potion of degeneration.
There was something very wrong with that liquid.
You feel weakened.
You feel dopey.
You feel clumsy.
The gnoll completely misses you. 😱 HP[+1]
Casting: Magic Dart (safe; 1% risk of failure)
Confirm with . or Enter, or press ? or * to list all spells.
Aiming: Magic Dart (safe; 1% risk of failure)
Press: ? - help, Shift-Dir - straight line, f/p - gnoll
Aim: a gnoll, wielding a +0 spear (moderately wounded, 100% to hit)
Okay, then.
Magic courses through your body. The gnoll misses you. 😱 MP[+9]
Your mp is fully restored (10).
Casting: Magic Dart (safe; 1% risk of failure)
Confirm with . or Enter, or press ? or * to list all spells.
Aiming: Magic Dart (safe; 1% risk of failure)
Press: ? - help, Shift-Dir - straight line, f/p - gnoll
Aim: a gnoll, wielding a +0 spear (moderately wounded, 100% to hit)
The magic dart hits the gnoll.
The gnoll hits you from afar with a +0 spear.
You die...

Skill      XL: |  1  2 |
---------------+-------+-----
Stealth        | 3 |  3.5
Dodging        | 3 |  3.2
Spellcasting   | |  3.8
Conjurations   | |  4.8

Action                     || total
---------------------------++-------
   Cast: Magic Dart        ||    68
    Use: Potion            ||     3
 Armour: Robe              ||     9
  Dodge: Dodged            ||     6

Levels and vault maps discovered:
D:1:      dpeg_cavernosity, layout_rooms, serial_shops, shop,
          corexii_corridor_pit, minmay_tetromino_l2
D:2:      layout_basic, basic_altar, kennysheep_nub

Notes
Turn   | Place    | Note
-------+----------+-------------------------------------------
     0 | D:1      | Zonian the Deep Elf Conjurer began the quest for the Orb.
     0 | D:1      | Reached XP level 1. HP: 10/10 MP: 6/6
     0 | D:1      | magus.rc [v1.9.6]
   582 | D:1      | Reached XP level 2. HP: 15/15 MP: 6/8
   904 | D:1      | Found Ceidam's Distillery.
   919 | D:1      | Reached skill level 3 in Stealth
   919 | D:1      | Bought a potion of heal wounds for 60 gold pieces
  1067 | D:1      | Reached skill level 3 in Dodging
  1141 | D:1      | Reached XP level 3. HP: 19/19 MP: 2/10
  1460 | D:2      | HP: 1/19 [gnoll/+0 spear (8)]
  1463 | D:2      | Slain by a gnoll

Vanquished Creatures
  2 gnolls (D:2)
  An adder (D:2)
  A dart slug (D:1)
  4 ball pythons (D:1)
  4 endoplasms
  A giant cockroach (D:1)
  2 goblins (D:1)
  3 hobgoblins (D:1)
  2 jackals (D:1)
  2 quokkas (D:1)
  A bat (D:1)
  3 frilled lizards (D:1)
  5 rats (D:1)
31 creatures vanquished.

Table legend:
 A = Non-vault XP
 B = Vault XP
 C = Vault XP percentage of total XP
 D = Non-vault monster count
 E = Vault monster count
 F = Vault count percentage of total count
                 A         B        C        D         E       F
            +---------+---------+-------+---------+---------+-------
      Total |      78 |      11 |  12.4 |      25 |       6 |  19.4
            +---------+---------+-------+---------+---------+-------
        D:1 |      34 |      11 |  24.4 |      21 |       6 |  22.2
        D:2 |      44 |       0 |   0.0 |       4 |       0 |   0.0
            +---------+---------+-------+---------+---------+-------

Skill      XL: |  1  2 |
---------------+-------+-----
Stealth        | 3 |  3.5
Dodging        | 3 |  3.2
Spellcasting   | |  3.8
Conjurations   | |  4.8

Action                     || total
---------------------------++-------
   Cast: Magic Dart        ||    68
    Use: Potion            ||     3
 Armour: Robe              ||     9
  Dodge: Dodged            ||     6

Illustrated notes

Table legend:
 A = Kills in this place as a percentage of kills in the entire game.
 B = Kills by you in this place as a percentage of kills by you in the entire game.
 C = Kills by friends in this place as a percentage of kills by friends in the entire game.
 D = Other kills in this place as a percentage of other kills in the entire game.
 E = Experience gained in this place as a percentage of experience gained in the entire game.
 F = Experience gained in this place divided by the number of levels of this place that you have seen.
                   A       B       C       D       E      F
               +-------+-------+-------+-------+-------+----------------------
         Total | 100.0 | 100.0 |   N/A |   N/A | 100.0 |  44.5
       Dungeon | 100.0 | 100.0 |   N/A |   N/A | 100.0 |  44.5
               +-------+-------+-------+-------+-------+----------------------

Table legend: (Time is in decaauts)
 A = Elapsed time spent in this place.
 B = Non-inter-level travel time spent in this place.
 C = Inter-level travel time spent in this place.
 D = Time resting spent in this place.
 E = Time spent auto-exploring this place.
 F = Levels seen in this place.
 G = Mean time per level.
                   A        B        C        D        E       F      G
               +--------+--------+--------+--------+--------+-----+--------+
         Total |   1462 |   1459 |      3 |    303 |    999 |   2 |  731.0 |
       Dungeon |   1462 |   1459 |      3 |    303 |    999 |   2 |  731.0 |
               +--------+--------+--------+--------+--------+-----+--------+

Top non-repeatable levels by time:
     D:1: 1239 daAuts
     D:2: 222 daAuts
